Map: Abyssal Reef LE

Players

Juxtapose

  • Race: Protoss Protoss
  • Spawn Location: 11:00

A.I. 1 (Very Hard) - Winner!

  • Race: Protoss Protoss
  • Spawn Location: 5:00

VOD

https://youtu.be/HhPviHCj_no

Description

The AI can put up a decent fight on Harder, so I was worried about Very Hard; especially since I haven't properly played for a bit.

Well, this is my first match ever against the Very Hard AI, so let's see how I do.

Time

  • Played on: Feb. 12, 2017, 10:28 a.m.
  • Length: 10:46
Show
View Real Time Build Order
Export as new Build Order

Juxtapose Protoss 

Build Orders:  

Get SALT Encoding   

  12  0:01  Probe (Chrono Boost)  
  13  0:16  Probe (Chrono Boost)  
  13  0:21  Pylon  
  14  0:26  Probe (Chrono Boost)  
  15  0:42  Gateway  
  15  0:44  Probe (Chrono Boost)  
  16  0:54  Assimilator  
  16  0:55  Probe (Chrono Boost)  
  17  1:05  Probe (Chrono Boost)  
  18  1:16  Probe (Chrono Boost)  
  18  1:17  Pylon  
  19  1:26  Probe (Chrono Boost)  
  19  1:27  Assimilator  
  19  1:31  Zealot  
  22  1:37  Probe (Chrono Boost)  
  23  1:40  Pylon  
  23  1:47  Probe (Chrono Boost)  
  23  1:48  Cybernetics Core  
  24  1:58  Zealot  
  26  2:13  Gateway  
  26  2:28  Warp Gate  
  28  2:30  Zealot  
  28  2:37  Forge  
  28  2:59  Nexus  
  28  3:03  Pylon  
  28  3:26  Stalker x2  
  32  3:36  Photon Cannon  
  32  3:40  Probe (Chrono Boost)  
  33  3:43  Protoss Ground Weapons Level 1  
  33  3:56  Twilight Council  
  33  4:03  Stalker  
  35  4:18  Probe (Chrono Boost)  
  36  4:29  Probe (Chrono Boost)  
  37  4:39  Probe (Chrono Boost)  
  37  4:44  Blink  
  38  4:50  Probe (Chrono Boost)  
  38  4:52  Robotics Facility  
  39  5:00  Probe (Chrono Boost)  
  40  5:08  Assimilator  
  40  5:11  Probe (Chrono Boost)  
  41  5:18  Sentry  
  41  5:19  Sentry  
  45  5:26  Probe (Chrono Boost)  
  46  5:31  Assimilator  
  46  5:36  Photon Cannon  
  46  5:40  Immortal  
  46  5:45  Pylon  
  50  5:54  Protoss Ground Armor Level 1  
  50  6:06  Gateway  
  50  6:14  Immortal  
  50  6:15  Probe (Chrono Boost)  
  51  6:25  Probe (Chrono Boost)  
  56  6:36  Probe (Chrono Boost)  
  59  6:41  Mothership Core (Chrono Boost)  
  59  6:44  Stalker  
  59  6:45  Charge  
  59  6:46  Probe (Chrono Boost)  
  62  6:48  Immortal  
  66  6:56  Sentry  
  66  6:57  Probe (Chrono Boost)  
  69  7:16  Probe (Chrono Boost)  
  70  7:36  Pylon  
  70  7:42  Robotics Bay  
  70  7:48  Protoss Ground Weapons Level 2  
  70  7:49  Immortal  
  74  8:01  Pylon  
  74  8:08  Photon Cannon  
  74  8:16  Stalker  
  74  8:18  Stalker  
  78  8:33  Colossus  
  50  9:22  Stalker  
  50  9:23  Stalker x2  
  48  9:28  Disruptor  
  39  9:53  Zealot  
  39  9:54  Zealot x2  
  20  10:21  Zealot x2  
  20  10:22  Zealot  
Show
View Real Time Build Order
Export as new Build Order

A.I. 1 (Very Hard) Protoss - Winner!

Build Orders: 1 Gate Expand, Zealot Archon 

Get SALT Encoding   

  12  0:01  Probe (Chrono Boost)  
  13  0:11  Probe (Chrono Boost)  
  14  0:20  Pylon  
  14  0:22  Probe (Chrono Boost)  
  15  0:38  Probe (Chrono Boost)  
  16  0:49  Probe (Chrono Boost)  
  17  0:51  Gateway  
  17  0:59  Probe (Chrono Boost)  
  18  1:10  Probe (Chrono Boost)  
  19  1:20  Nexus, Probe (Chrono Boost)  
  20  1:31  Probe (Chrono Boost)  
  21  1:38  Zealot  
  21  1:40  Pylon  
  23  1:48  Cybernetics Core  
  23  1:52  Assimilator  
  23  1:59  Probe (Chrono Boost)  
  24  2:09  Probe (Chrono Boost)  
  25  2:20  Probe (Chrono Boost)  
  26  2:24  Pylon  
  26  2:30  Warp Gate  
  26  2:31  Probe (Chrono Boost)  
  26  2:32  Probe (Chrono Boost)  
  26  2:35  Gateway  
  28  2:42  Probe (Chrono Boost)  
  29  2:44  Assimilator  
  29  2:46  Probe (Chrono Boost)  
  30  2:54  Stalker, Probe (Chrono Boost)  
  33  2:59  Pylon  
  33  3:01  Probe (Chrono Boost)  
  34  3:10  Probe (Chrono Boost)  
  36  3:13  Probe (Chrono Boost)  
  36  3:20  Adept  
  36  3:22  Adept  
  41  3:27  Probe (Chrono Boost)  
  41  3:31  Probe (Chrono Boost)  
  41  3:32  Robotics Facility  
  42  3:38  Probe (Chrono Boost)  
  44  3:43  Probe (Chrono Boost)  
  44  3:44  Adept  
  44  3:47  Adept  
  46  3:50  Probe (Chrono Boost)  
  46  3:51  Pylon  
  46  3:55  Probe (Chrono Boost)  
  50  4:01  Probe (Chrono Boost)  
  51  4:06  Probe (Chrono Boost)  
  52  4:10  Adept  
  52  4:11  Pylon  
  52  4:12  Stalker  
  52  4:14  Probe (Chrono Boost)  
  58  4:18  Probe (Chrono Boost)  
  58  4:20  Immortal  
  62  4:26  Probe (Chrono Boost)  
  62  4:28  Probe (Chrono Boost)  
  64  4:42  Robotics Facility  
  64  4:43  Probe (Chrono Boost)  
  64  4:45  Stalker, Probe (Chrono Boost)  
  68  4:50  Pylon, Stalker  
  70  4:54  Pylon  
  70  5:05  Gateway  
  70  5:06  Immortal  
  70  5:09  Probe (Chrono Boost)  
  70  5:11  Probe (Chrono Boost)  
  76  5:18  Stalker  
  78  5:23  Zealot  
  78  5:24  Assimilator  
  80  5:39  Zealot  
  80  5:41  Twilight Council  
  82  5:43  Assimilator  
  82  5:47  Pylon, Probe (Chrono Boost)  
  82  5:48  Zealot  
  85  5:59  Nexus  
  85  6:04  Zealot x2  
  85  6:06  Probe x2 (Chrono Boost)  
  85  6:07  Pylon  
  91  6:21  Templar Archives  
  91  6:22  Forge  
  91  6:30  Pylon, Sentry  
  91  6:32  Pylon  
  93  6:35  Stalker  
  93  6:39  Stalker  
  97  6:51  Stalker  
  99  6:57  Photon Cannon  
  99  7:00  Pylon, High Templar x2  
  103  7:03  Photon Cannon  
  103  7:07  Photon Cannon  
  103  7:12  Sentry, Probe x3 (Chrono Boost)  
  103  7:13  Pylon  
  103  7:14  Archon, Observer  
  109  7:16  Assimilator  
  109  7:17  Pylon  
  109  7:20  Photon Cannon  
  110  7:23  Probe (Chrono Boost)  
  110  7:25  Probe x2 (Chrono Boost)  
  110  7:27  Assimilator  
  110  7:29  High Templar  
  114  7:30  Pylon  
  114  7:32  Forge  
  114  7:34  Probe (Chrono Boost)  
  114  7:35  Pylon  
  114  7:36  Probe (Chrono Boost)  
  114  7:37  Probe (Chrono Boost)  
  117  7:43  Photon Cannon, High Templar  
  119  7:45  Probe (Chrono Boost)  
  119  7:46  Photon Cannon  
  119  7:47  Stalker  
  119  7:48  Probe x2 (Chrono Boost)  
  119  7:50  Archon  
  124  7:56  Probe (Chrono Boost)  
  126  7:59  High Templar, Probe x2 (Chrono Boost)  
  126  8:04  Gateway  
  129  8:07  Probe (Chrono Boost)  
  129  8:08  High Templar  
  129  8:11  Probe x2 (Chrono Boost)  
  134  8:13  Stalker  
  134  8:19  Probe (Chrono Boost)  
  137  8:22  Archon  
  137  8:28  Photon Cannon  
  137  8:30  Stalker  
  139  8:34  High Templar  
  139  8:38  High Templar  
  139  8:39  Photon Cannon x2  
  139  8:40  Warp Prism, Protoss Ground Weapons Level 1  
  145  8:50  Sentry  
  145  8:51  Archon  
  146  8:58  Warp Prism, High Templar  
  146  9:03  Gateway, Stalker  
  146  9:07  Nexus  
  146  9:08  Zealot  
  136  9:11  High Templar  
  132  9:18  Archon  
  132  9:23  Photon Cannon  
  132  9:26  Zealot x2  
  132  9:28  Zealot  
  138  9:38  Immortal  
  138  9:42  Zealot  
  138  9:45  High Templar, Stalker  
  138  9:48  Zealot  
  136  9:52  Immortal  
  136  9:54  Gateway  
  136  9:57  Photon Cannon  
  136  9:58  Zealot  
  142  10:01  Adept  
  142  10:07  Sentry, Stalker  
  148  10:16  High Templar, Observer  
  148  10:17  Zealot  
  148  10:20  Probe (Chrono Boost)  
  148  10:21  Sentry, Robotics Facility  
  156  10:27  Assimilator, Nexus  
  156  10:28  Stalker  
  156  10:29  Stalker  
  156  10:30  Pylon  
  156  10:34  Photon Cannon  
  156  10:35  Assimilator  
  160  10:37  Stalker  
  163  10:44  Stalker  
Tags
 
Composition
Zealot Archon
Matchup
PvP
Spawn Locations
Cross Positions
Add a new tag
Caveats
  • Supply blocks, unpowered buildings, or Contaminate may cause inaccurate times.
  • Supply counts are checked every 10 seconds.